 Dungeon Sprint DCSS version 0.30.1-9-gdf580d7c3d (webtiles) character file.

Game seed: 13453878220768280995

762 boopmooplesden the Cruncher (level 7, -7/68 HPs)
             Began as a Minotaur Gladiator on Oct 15, 2023.
             Was a Priest of Trog.
             Mangled by a merfolk
             ... wielding a +0 trident
              (12 damage)
             ... in the Dungeon (Sprint V: "Ziggurat Sprint").
             The game lasted 00:01:43 (625 turns).

boopmooplesden the Cruncher (Minotaur Gladiator)     Turns: 625, Time: 00:01:44

Health: -7/68      AC: 21    Str: 27    XL:     7   Next: 51%
Magic:  6/6        EV:  9    Int:  5    God:    Trog [***...]
Gold:   0          SH:  0    Dex: 17    Spells: 6/6 levels left

rFire   + . .        b - +27 heavy crossbow "Sniper" {heavy, Acc+∞ SInv}
rCold   + . .        (shield currently unavailable)
rNeg    . . .        l - +5 gold dragon scales
rPois   +            c - +0 hat
rElec   .            (no cloak)
rCorr   .            (no gloves)
SInv    +            I - +1 pair of boots {Fly}
Will    .....        (no amulet) Stlth
                     u - +6 ring of strength
HPRegen 0.31/turn    p - +6 ring of dexterity
MPRegen 0.10/turn

%: no teleportation
@: flying
A: horns 2, retaliatory headbutt
a: Renounce Religion, Berserk, Trog's Hand


You were in the Dungeon.
You worshipped Trog.
Trog was most pleased with you.
You visited 1 branch

Inventory:

Hand Weapons
 a - a +5 lajatang
 b - the +27 heavy crossbow "Sniper" (weapon) {heavy, Acc+∞ SInv}
   (You found it in the Dungeon)

   Acc+∞: It never misses its target.
   SInv:      It lets you see invisible.
 m - a +0 quarterstaff
 K - the +8 frozen axe "Frostbite" {freeze, freezing cloud, *Noise Fly rC+}
   (You found it in the Dungeon)

   rC:        It protects you from cold.
   Fly:       It grants you flight.
   *Noise:    It may make noises in combat.
Missiles
 d - 3 throwing nets
 e - a javelin
Armour
 c - a +0 hat (worn)
 l - +5 gold dragon scales (worn)
 G - a +0 leather armour
 I - a +1 pair of boots of flying (worn)
Jewellery
 o - a ring of flight
 p - a +6 ring of dexterity (right hand)
 q - a +6 ring of dexterity
 r - a +6 ring of intelligence
 s - a +6 ring of intelligence
 t - a +6 ring of strength
 u - a +6 ring of strength (left hand)
 H - a ring of protection from fire
Wands
 n - a wand of iceblast (19)
 v - a wand of mindburst (7)
 w - a wand of acid (7)
 J - a wand of charming (7)
Scrolls
 k - 4 scrolls of blinking
 y - 4 scrolls of amnesia
 D - 7 scrolls of fog
 E - 5 scrolls of identify
 F - 2 scrolls of fear
Potions
 f - 10 potions of curing
 g - 10 potions of heal wounds
 h - 6 potions of haste
 i - 7 potions of magic
 j - 3 potions of berserk rage
 x - 2 potions of brilliance
 z - 2 potions of invisibility
 A - 4 potions of resistance
 B - a potion of experience
 C - 5 potions of might


   Skills:
 + Level 8.2 Fighting
 + Level 12.3 Staves
 + Level 1.9 Ranged Weapons
 + Level 5.1 Throwing
 + Level 4.9 Armour
 + Level 10.9 Dodging


You had 6 spell levels left.
You didn't know any spells.
Your spell library was empty.

Dungeon Overview and Level Annotations

Branches:
Dungeon (1/1)

Altars:
Ashenzari
Cheibriados
Dithmenos
Elyvilon
Fedhas
Gozag
Hepliaklqana
Kikubaaqudgha
Makhleb
Nemelex Xobeh
Okawaru
Qazlal
Ru
Sif Muna
Trog
Uskayaw
Vehumet
Wu Jian
Xom
Yredelemnul
Zin
The Shining One
Jiyva
Lugonu

Annotations:
D 1 transporter


Innate Abilities, Weirdness & Mutations

You have a pair of horns on your head.
You reflexively headbutt those who attack you in melee.


Message History

The merfolk shouts! x4
The merfolk throws a boomerang.
The boomerang misses you.
Found four items.
Found a transporter.
b - the +27 heavy crossbow "Sniper" (weapon)
{heavy, Acc+∞ SInv} Fire: b) +27 heavy crossbow "Sniper" {heavy, Acc+∞ SInv}
Press: ? - help, Q - select action, (/) - cycle Shift-Dir - straight line, f - merfolk
Aim: a merfolk, wielding a +0 trident and quivering a throwing net (100% to hit)
You shoot a bolt. The bolt hits the merfolk!!
The merfolk is moderately wounded.
The merfolk throws a throwing net.
The throwing net closely misses you.
The merfolk hits you but does no damage. x3
The merfolk hits you from afar with a +0 trident! x2
The merfolk barely misses you.
The merfolk hits you from afar with a +0 trident!
The merfolk throws a boomerang.
The boomerang hits you but does no damage.
Fire: b) +27 heavy crossbow "Sniper" {heavy, Acc+∞ SInv}
Press: ? - help, Q - select action, (/) - cycle Shift-Dir - straight line, f/p - merfolk
Aim: a merfolk, wielding a +0 trident (moderately wounded, 100% to hit)
You shoot a bolt. The bolt hits the merfolk!!!!
You kill the merfolk!
Trog accepts your kill.
The merfolk throws a boomerang.
The boomerang hits you but does no damage.
The merfolk hits you from afar with a +0 trident.
The merfolk throws a boomerang.
The boomerang hits you but does no damage.
The merfolk hits you from afar with a +0 trident!
The merfolk hits you from afar with a +0 trident.
* * * LOW HITPOINT WARNING * * *
The merfolk hits you but does no damage.
The merfolk hits you from afar with a +0 trident.
* * * LOW HITPOINT WARNING * * *
The merfolk hits you from afar with a +0 trident!
* * * LOW HITPOINT WARNING * * *
The merfolk barely misses you.
The merfolk hits you from afar with a +0 trident.
* * * LOW HITPOINT WARNING * * *
The merfolk hits you from afar with a +0 trident!
You die...

▓..©..▓..©..▓▓▓▓▓▓▓
▓▓▓▓▓▓▓▓▓▓▓▓▓▓
▓..8©8...▓
▓..|:|...▓
▓...!....▓
▓........▓
..mmm...▓
▓.▓....▓.▓
▓...@....▓
▓▓▓▓▓▓▓▓▓▓


You could see 3 merfolk.

Vanquished Creatures
  A merfolk (D)
  A yak (D)
  2 spriggans (D)
  2 wolves (D)
  2 bullfrogs (D)
  An iguana (D)
  A jackal (D)
10 creatures vanquished.

Notes
Turn   | Place    | Note
-------+----------+-------------------------------------------
     0 | D        | boopmooplesden the Minotaur Gladiator began the quest for
                  | the Orb.
     0 | D        | Reached XP level 1. HP: 18/18 MP: 0/0
    13 | D        | Found a blossoming altar of Fedhas.
    13 | D        | Found the +6 Majin-Bo {spellvamp, MP+6 Int+6}
    13 | D        | Found the +27 heavy crossbow "Sniper" {heavy, Acc+∞ SInv}
    13 | D        | Found the +10 dark maul {heavy}
    13 | D        | Found the +15 Maxwell's patent armour {-Cast -Tele rElec
                  | Will+ rCorr}
    13 | D        | Found the +18 shield of the Gong {Loud rN+ Will+ rCorr
                  | EV-5}
    13 | D        | Found the +16 obsidian axe {drain, demonic, Mesm Drain Fly
                  | SInv}
    13 | D        | Found the +7 great mace "Firestarter" {flame, immolate,
                  | rFlCloud rF++}
    13 | D        | Found the +6 shillelagh "Devastator" {shatter}
    13 | D        | Found the +11 plutonium sword {Contam Stlth-}
    13 | D        | Found the +8 lance "Wyrmbane" {slay drac, rPois rF+ rC+
                  | AC+3}
    13 | D        | Found the +9 sword of Zonguldrok {reap}
    13 | D        | Found the +13 scythe of Curses {drain, curses, Drain}
    13 | D        | Found the +9 sword of Power {lifebolt}
    13 | D        | Found the +7 mace of Variability {chaos, chaos arc}
    13 | D        | Found the +11 Singing Sword {sonic wave}
    13 | D        | Found the +8 storm bow {elec, penet}
    14 | D        | Found a viscous altar of Jiyva.
    14 | D        | Found a hazy altar of Hepliaklqana.
    14 | D        | Found a transporter.
    14 | D        | Found an opulent altar of Gozag.
    14 | D        | Found an ancient bone altar of Kikubaaqudgha.
    14 | D        | Found a corrupted altar of Lugonu.
    21 | D        | Found a burning altar of Makhleb.
    22 | D        | Found a stormy altar of Qazlal.
    22 | D        | Found an iron altar of Okawaru.
    22 | D        | Found a sacrificial altar of Ru.
    22 | D        | Found a sparkling altar of Nemelex Xobeh.
    22 | D        | Found a shimmering blue altar of Sif Muna.
    22 | D        | Found a bloodstained altar of Trog.
    71 | D        | Became a worshipper of Trog the Wrathful
    83 | D        | Entered arena 2.
    83 | D        | Noticed a bullfrog
    83 | D        | Found a transporter.
    87 | D        | Killed a bullfrog
    88 | D        | Reached skill level 6 in Staves
    88 | D        | Reached XP level 2. HP: 19/27 MP: 1/1
    88 | D        | Reached XP level 3. HP: 23/33 MP: 2/2
   229 | D        | Entered arena 3.
   229 | D        | Noticed a yak
   229 | D        | Noticed a bullfrog
   229 | D        | Found a transporter.
   230 | D        | Killed a bullfrog
   230 | D        | Reached * piety under Trog
   231 | D        | Reached skill level 8 in Staves
   231 | D        | Reached skill level 1 in Armour
   231 | D        | Reached XP level 4. HP: 26/41 MP: 3/3
   234 | D        | Killed a yak
   235 | D        | Reached skill level 10 in Staves
   235 | D        | Reached skill level 1 in Ranged Weapons
   235 | D        | Reached XP level 5. HP: 27/50 MP: 4/4
   235 | D        | Reached XP level 6. HP: 31/57 MP: 5/5
   456 | D        | Entered arena 4.
   456 | D        | Found the +8 frozen axe "Frostbite" {freeze, freezing
                  | cloud, *Noise Fly rC+}
   456 | D        | Noticed a spriggan
   456 | D        | Noticed a spriggan
   456 | D        | Found a transporter.
   457 | D        | Reached ** piety under Trog
   462 | D        | Killed a spriggan
   463 | D        | Reached skill level 11 in Staves
   463 | D        | Reached skill level 10 in Dodging
   463 | D        | Reached XP level 7. HP: 32/66 MP: 6/6
   465 | D        | Killed a spriggan
   466 | D        | Reached skill level 12 in Staves
   466 | D        | Reached skill level 5 in Throwing
   622 | D        | Entered arena 5.
   622 | D        | Noticed a merfolk
   622 | D        | Noticed a merfolk
   622 | D        | Noticed a merfolk
   622 | D        | Noticed a merfolk
   622 | D        | Found a transporter.
   625 | D        | Killed a merfolk
   625 | D        | Reached *** piety under Trog
   625 | D        | Mangled by a merfolk

Illustrated notes

Levels and vault maps discovered:
D:        sprint_v [room_start, room_1, room_2, room_3, room_4, room_5, room_6,
          room_7, room_8, room_9, room_10, room_11, room_12, room_13, room_14,
          room_15, room_16, room_17, room_18, room_19, room_20, room_21,
          room_22, room_23, room_24, room_25, room_26, room_27]

Skill      XL: |  1  2  3  4  5  6  7 |
---------------+----------------------+-----
Fighting       | 3 4 6 7 8 |  8.2
Staves         | 6 8 10 11 12 | 12.3
Throwing       | 3 4 5 |  5.1
Dodging        | 6 7 8 10 | 10.9
Armour         | 1 2 3 4 |  4.9
Ranged Weapons | 1 |  1.9

Action                     |  1- 3 |  4- 6 |  7- 9 || total
---------------------------+-------+-------+-------++-------
  Melee: Lajatang          |     4 |    10 |     4 ||    18
         Headbutt          |       |     1 |       ||     1
   Fire: Heavy crossbow    |     1 |     1 |     2 ||     4
 Invoke: Berserk           |       |     1 |       ||     1
 Armour: Gold dragon scale |     9 |    12 |     8 ||    29
  Dodge: Dodged            |     1 |     8 |     6 ||    15
